 Dungeon Crawl Stone Soup version 0.25.1-2-g60ff931df9 (webtiles) character file.

Game seed: 11691258327874024534

108 DogServant the Insei (level 4, -5/35 HPs)
             Began as a Draconian Transmuter on Nov 10, 2020.
             Slain by an ogre
             ... wielding a +0 giant club
              (19 damage)
             ... on level 2 of the Dungeon.
             The game lasted 00:02:04 (2692 turns).

DogServant the Insei (Draconian Transmuter)         Turns: 2692, Time: 00:02:04

Health: -5/35      AC:  5    Str: 12    XL:     4   Next: 58%
Magic:  7/7        EV: 12    Int: 13    God:
Gold:   177        SH:  0    Dex: 13    Spells: 6/7 levels left

rFire    . . .     SeeInvis .     - Unarmed
rCold    . . .     Gourm    .   (no shield)
rNeg     . . .     Faith    .   (armour unavailable)
rPois    .         Spirit   .   (helmet restricted)
rElec    .         Reflect  .   (no cloak)
rCorr    .         Harm     .   (no gloves)
MR       .....                  (no boots)
Stlth    +.........             (no amulet)
HPRegen  0.11/turn              (no ring)
MPRegen  0.10/turn              (no ring)

@: mighty
A: unfitting armour, cold-blooded, AC +5
a: no special abilities


You were on level 2 of the Dungeon.
You were not hungry.

You visited 1 branch of the dungeon, and saw 3 of its levels.

You collected 177 gold pieces.

Inventory:

Missiles
 a - 33 arrows
Jewellery
 j - a cursed ring of teleportation {unknown}
Scrolls
 b - a scroll of fog {unknown}
 d - 4 scrolls of remove curse {unknown}
 e - 5 scrolls of identify {unknown}
 g - a scroll of noise {unknown}
 h - a scroll of enchant armour {unknown}
 i - 2 scrolls of enchant weapon {unknown}
 k - a scroll of magic mapping {unknown}
 n - a scroll of fear {unknown}
Potions
 l - a potion of curing {unknown}
Comestibles
 c - 6 rations


   Skills:
 - Level 1.1 Fighting
 - Level 2.0 Dodging
 + Level 4.2 Unarmed Combat
 - Level 2.0 Spellcasting
 + Level 3.6 Transmutations


You had 6 spell levels left.
You knew the following spells:

 Your Spells              Type           Power        Failure   Level  Hunger
a - Beastly Appendage     Tmut           ##....       5%          1    ##.....

Your spell library contained the following spells:

 Spells                   Type           Power        Failure   Level  Hunger
 Sticks to Snakes         Tmut           ##......     9%          2    ###....
 Spider Form              Tmut/Pois      #.........   34%         3    ####...
 Ice Form                 Ice/Tmut       #.......     75%         4    #####..
 Blade Hands              Tmut           ##........   83%         5    ######.


Dungeon Overview and Level Annotations

Branches:
Dungeon (3/15)

Altars:
Cheibriados


Innate Abilities, Weirdness & Mutations

Your plain brown scales are hard. (AC +5)
You cannot fit into any form of body armour.
You are cold-blooded and may be slowed by cold attacks.


Message History

The ogre barely misses you. The dart slug launches a dart at you.
The slug dart hits you but does no damage.
The ogre closely misses you.
All of the chunks of flesh in your inventory have rotted away.
The ogre hits you with a +0 giant club!
Your transformation is almost over.
The dart slug launches a dart at you. The slug dart misses you.
Your talons disappear.
The ogre hits you with a +0 giant club!
There is a stone staircase leading up, spattered with blood here.
You climb upwards.
There is a stone staircase leading down here.
Okay, then.
It was a potion of might.
You feel very mighty all of a sudden.
The ogre hits you with a +0 giant club!!
Ouch! That really hurt!
You die...

#######.......# #.....#.......#
##### #.###.#.......# ###...#
##.# #.#.......# ....#.# #..#
#.#.......###
.##...##########.####.#..........
....................#.##########.
.######.............#............
.#......#######.@...##########...
.#.###### ##O#.........# ##..
.#......# #>#.........# ##.
.######.# ###.##......#.#####.
###..##)# #..........###......
#..##.# #.####......#.###.#.
###..#########.# #[.#.##.## #.#.
...............# #..#.##.####.#.
.##.###############..#.##.#..#.#.


You could see an ogre.

Vanquished Creatures
  3 adders (D:2)
  A gnoll (D:1)
  An ooze (D:1)
  4 worms (D:2)
  2 dart slugs
  7 bats
  4 giant cockroaches
  7 goblins
  9 hobgoblins
  A ball python (D:1)
  2 frilled lizards
  5 kobolds
  A leopard gecko skeleton (D:2)
  6 rats
53 creatures vanquished.

Notes
Turn   | Place    | Note
-------+----------+-------------------------------------------
     0 | D:1      | DogServant the Draconian Transmuter began the quest for the
                  | Orb.
     0 | D:1      | Reached XP level 1. HP: 16/16 MP: 3/3
   188 | D:1      | Reached XP level 2. HP: 19/23 MP: 3/5
   768 | D:1      | Reached XP level 3. HP: 27/28 MP: 4/6
  1404 | D:2      | Reached skill level 4 in Unarmed Combat
  1404 | D:2      | Reached XP level 4. HP: 35/35 MP: 5/7
  2669 | D:3      | Found a snail-covered altar of Cheibriados.
  2672 | D:3      | Noticed an ogre
  2692 | D:2      | Slain by an ogre

Illustrated notes

Levels and vault maps discovered:
D:1:      eino_arrival_druids_welcome, layout_loops_ring
D:2:      layout_loops_ring, first_ration, serial_co_window_serial,
          co_window_corner_a, co_window_corner_a, co_window_of_opportunity_a,
          co_window_paths_a, co_window_corner_a, co_window_paths_a,
          co_window_corner_a, co_window_corner_a, co_window_paths_b,
          co_window_paths_c, co_window_broadway_a, co_window_of_opportunity_c,
          co_window_unsneaky_path_a, co_window_corner_ca, co_window_cross_2,
          co_window_paths_c, co_window_4corner_a, glass_columns_b,
          glass_columns_a
D:3:      layout_basic, marbit_many_paths, kennysheep_slug_shrine, uniq_sigmund

Skill      XL: |  1  2  3 |
---------------+----------+-----
Dodging        | 2 |  2.0
Transmutations | 3 |  3.6
Unarmed Combat | 4 |  4.2
Fighting       | |  1.1
Spellcasting   | |  2.0

Action                   |  1- 3 |  4- 6 || total
-------------------------+-------+-------++-------
Melee: Unarmed           |   134 |    42 ||   176
       Kick              |    13 |     4 ||    17
       Tailslap          |    10 |     3 ||    13
       Headbutt          |     2 |     2 ||     4
       Punch             |     2 |       ||     2
 Cast: Beastly Appendage |    13 |    14 ||    27
  Use: Potion            |       |     1 ||     1
  Eat: Chunk             |     2 |     4 ||     6
Armor: Skin              |    43 |    12 ||    55
Dodge: Dodged            |    90 |    25 ||   115
